 Dungeon Crawl Stone Soup version 0.16.2-12-gd0ad4c3 (webtiles) character file.

17 musteatbrain the Grave Robber (level 2, 0/19 HPs)
             Began as a Vampire Necromancer on Sept 29, 2015.
             Succumbed to an adder's poison
             ... on level 2 of the Dungeon.
             The game lasted 00:03:54 (1132 turns).

musteatbrain the Grave Robber (Vampire Necromancer) Turns: 1132, Time: 00:03:54

Health: 0/19       AC:  3    Str:  7    XL:     2   Next: 44%
Magic:  4/4        EV: 12    Int: 17    God:
Gold:   106        SH:  0    Dex: 14    Spells: 1 memorised, 4 levels left

rFire  . . .     SeeInvis +     i - +0 short sword
rCold  . . .     Clarity  .     a - +0 robe
rNeg   + . .     SustAb   .     (no shield)
rPois  .         Gourm    .     (no helmet)
rElec  .         Spirit   .     (no cloak)
rCorr  .         Warding  .     (no gloves)
rMut   .         Stasis   .     g - +0 pair of boots
MR     .....                    (no amulet)
Stlth  +++.......               (no ring)
                                j - ring of see invisible

@: lethally poisoned (0 -> -7), not resistant to hostile enchantments, fairly
stealthy
A: bottle blood, fangs 3, see invisible, unbreathing
a: no special abilities


You were on level 2 of the Dungeon.
You were not thirsty.

You visited 1 branch of the dungeon, and saw 2 of its levels.

You collected 106 gold pieces.

Inventory:

Hand weapons
 i - a +0 short sword (weapon)
Armour
 a - a +0 robe (worn)
 g - a +0 pair of boots (worn)
Jewellery
 j - a ring of see invisible (left hand)
 k - an uncursed amulet of rage {unknown}
 m - an uncursed ring of magical power {unknown}
Scrolls
 d - a scroll of blinking {unknown}
 e - 2 scrolls of teleportation {unknown}
 f - 2 scrolls of immolation {unknown}
 h - 2 scrolls of enchant weapon {unknown}
 q - a scroll of identify {unknown}
 r - 2 scrolls of remove curse {unknown}
Potions
 c - 2 potions of blood
 l - a potion of ambrosia {unknown}
 n - a potion of invisibility {unknown}
 o - a potion of cancellation {unknown}
 p - a potion of haste {unknown}
Books
 b - a book of Necromancy

   Spells                             Type                      Level
   a - Pain                           Necromancy                   1
   b - Animate Skeleton               Necromancy                   1
   c - Vampiric Draining              Necromancy                   3
   d - Regeneration                   Charms/Necromancy            3
   e - Animate Dead                   Necromancy                   4
   f - Control Undead                 Necromancy                   4


   Skills:
 - Level 2.1 Dodging
 + Level 3.6 Stealth
 + Level 2.2 Spellcasting
 + Level 4.8 Necromancy


You had 4 spell levels left.
You knew the following spells:

 Your Spells              Type           Power        Failure   Level  Hunger
a - Pain                  Necr           ###.         2%          1    #......


Dungeon Overview and Level Annotations

Branches:
Dungeon (2/15)

Altars:


Innate Abilities, Weirdness & Mutations

You can bottle blood from corpses.
You have razor-sharp teeth.
You have supernaturally acute eyesight.
You can survive without breathing.


Message History

The adder is moderately wounded.
The hobgoblin hits you but does no damage.
The kobold hits you. The adder bites you. The hobgoblin closely misses you.
You miss the adder.
The adder is moderately wounded.
The adder barely misses you. The kobold barely misses you.
The hobgoblin hits you with a club.
The hobgoblin hits you but does no damage.
The adder bites you. The kobold barely misses you.
You miss the adder. Your bite misses the adder.
The adder is moderately wounded.
The hobgoblin hits you with a club. The adder bites you.
* * * LOW HITPOINT WARNING * * *
You are lethally poisoned!
The adder poisons you! The hobgoblin closely misses you. The kobold hits you.
* * * LOW HITPOINT WARNING * * *
Unknown command.
You closely miss the adder.
The adder is moderately wounded.
You die...

#.# #.# #.# ...#..
#.# ...... .. #.#
......
....###.##.......
.........(........
.............####
..[.....S....#
.......g@....#
#.......Kg...#
............#
............#
............#
...........#
..........#
......... ###


You could see an adder, 2 hobgoblins and a kobold.

Vanquished Creatures
  A giant gecko (D:1)
  2 bats
  4 goblins (D:1)
  2 hobgoblins (D:1)
  A giant newt (D:1)
  A kobold (D:2)
  5 rats
16 creatures vanquished.

Notes
Turn   | Place    | Note
--------------------------------------------------------------
     0 | D:1      | musteatbrain, the Vampire Necromancer, began the quest for the Orb.
     0 | D:1      | Reached XP level 1. HP: 13/13 MP: 3/3
   425 | D:1      | Reached XP level 2. HP: 16/19 MP: 1/4
  1132 | D:2      | Succumbed to an adder's poison

Action                   || total
-------------------------++-------
Melee: Short sword       ||    17
 Cast: Pain              ||    19
  Use: Potion            ||     1
  Eat: Corpse            ||     1
